 Dungeon Crawl Stone Soup version 0.31-a0-188-g5e087ee2ca (webtiles) character file.

Game seed: 14970422974413462606

124 qw the Skirmisher (level 4, -4/25 HPs)
             Began as a Deep Elf Hunter on June 23, 2023.
             Slain by a gnoll
             ... wielding a +0 spear
              (6 damage)
             ... on level 2 of the Dungeon.
             The game lasted 00:00:53 (1971 turns).

qw the Skirmisher (Deep Elf Hunter)                 Turns: 1971, Time: 00:00:53

Health: -4/25      AC:  6    Str: 10    XL:     4   Next: 81%
Magic:  0/6        EV: 11    Int: 14    God:
Gold:   80         SH:  0    Dex: 18    Spells: 3/3 levels left

rFire   . . .        Y - +0 shortbow
rCold   . . .        (shield currently unavailable)
rNeg    . . .        g - +0 ring mail
rPois   .            j - +1 hat
rElec   .            (no cloak)
rCorr   .            (no gloves)
SInv    .            (no boots)
Will    .....        d - amulet of guardian spirit
Stlth   +            (no ring)
HPRegen 0.24/turn    (no ring)
MPRegen 0.10/turn

%: guardian spirit
@: about to teleport
A: no striking features
a: no special abilities


You were on level 2 of the Dungeon.
You visited 1 branch of the dungeon, and saw 2 of its levels.

You collected 80 gold pieces.


   Skills:
 - Level 1.5 Fighting
 + Level 8.2 Ranged Weapons
 - Level 2.4 Dodging
 - Level 1.2 Stealth


You had 3 spell levels left.
You didn't know any spells.
Your spell library was empty.

Inventory:

Hand Weapons
 Y - a +0 shortbow (weapon)
Armour
 g - a +0 ring mail (worn)
 j - a +1 hat (worn)
Jewellery
 d - an amulet of guardian spirit (around neck)
Scrolls
 b - a scroll of poison {unknown}
 i - a scroll of identify
 k - a scroll of silence {unknown}
Potions
 c - a potion of brilliance {unknown}
 e - a potion of heal wounds
 f - 2 potions of lignification {unknown}
 h - a potion of haste {unknown}

Dungeon Overview and Level Annotations

Branches:
Dungeon (2/15)

Altars:

Annotations:
D:2 exclusion: 4 gnolls


Message History

The gnoll is heavily wounded.
You shoot an arrow. The arrow hits the gnoll.
The gnoll is severely wounded.
A gnoll comes into view. It is wielding a +0 spear.
You shoot an arrow. The gnoll shouts!
The arrow hits the gnoll.
The gnoll is almost dead.
You shoot an arrow. The arrow hits the gnoll.
The gnoll is almost dead.
A gnoll comes into view. It is wielding a +0 flail.
You shoot an arrow. The arrow closely misses the gnoll.
The gnoll shouts!
A dart slug comes into view.
You shoot an arrow. The arrow hits the gnoll.
You kill the gnoll!
You shoot an arrow. The arrow barely misses the gnoll.
The gnoll closely misses you.
You shoot an arrow. The arrow barely misses the gnoll.
The gnoll barely misses you.
You shoot an arrow. The arrow closely misses the gnoll.
1966 ||| Stepping ~*~*~tactically~*~*~ (outnumbered).
You shoot an arrow. The arrow hits the gnoll.
The gnoll is lightly wounded.
You shoot an arrow. The arrow hits the gnoll.
The gnoll is moderately wounded.
You shoot an arrow. The arrow barely misses the gnoll.
The arrow hits the gnoll but does no damage.
The gnoll hits you from afar with a +0 spear.
The gnoll hits you with a +0 flail! The gnoll barely misses you.
You shoot an arrow. The arrow hits the gnoll.
The gnoll is heavily wounded.
The gnoll hits you from afar with a +0 spear.
The gnoll hits you with a +0 flail!
1971 ||| READING scroll of teleportation.
As you read the scroll of teleportation, it crumbles to dust.
You feel strangely unstable. The gnoll hits you with a +0 flail.
The gnoll hits you from afar with a +0 spear.
You die...

..........#.#.....#.#
#########.#.......#.#
....#...#.###.....#.#
###.#.#.#.# ####..#.#
..#.#.#.#.######..#.####
###.#.###.##...........#
....#.....##.###..#.##.#
###.####### ##..#.##.#
..#.# ##g@.#.##.# #.#.#
#.(#.#.##.# #.#.#
#g##.#.##.# ###.# #w
#.#)##.# ....#
.#.##.#.##.# #####
..w........# #####
...####.#### ....# >#.#
#.# .)..# .#.# #.#


You could see 2 gnolls and a dart slug.

Vanquished Creatures
  2 gnolls (D:2)
  4 adders (D:2)
  A worm (D:2)
  A dart slug (D:1)
  An orc (D:2)
  8 endoplasms
  2 giant cockroaches (D:1)
  4 goblins
  8 hobgoblins
  7 jackals
  4 quokkas
  3 ball pythons
  4 bats
  A frilled lizard (D:1)
  3 kobolds
  4 rats
57 creatures vanquished.

Notes
Turn   | Place    | Note
-------+----------+-------------------------------------------
     0 | D:1      | qw the Deep Elf Hunter began the quest for the Orb.
     0 | D:1      | Reached XP level 1. HP: 12/12 MP: 3/3
     0 | D:1      | 0 ||| qw: Version: 0.3-a-9-g12657ce
     0 | D:1      | 0 ||| qw: Game counter: 3480
     0 | D:1      | 0 ||| qw: Always use a shield: true
     0 | D:1      | 0 ||| qw: God list: Okawaru
     0 | D:1      | 0 ||| qw: Allow faded altars: false
     0 | D:1      | 0 ||| qw: Do Orc after D:15 true
     0 | D:1      | 0 ||| qw: Do second Lair branch before Depths: true
     0 | D:1      | 0 ||| qw: Lair rune preference: random
     0 | D:1      | 0 ||| qw: Plans: Normal
     0 | D:1      | 0 ||| PLANNING D:1-11
    53 | D:1      | Reached XP level 2. HP: 16/16 MP: 4/4
    54 | D:1      | Reached skill level 6 in Ranged Weapons
   451 | D:1      | Reached XP level 3. HP: 20/20 MP: 5/5
   477 | D:1      | HP: 4/20 [jackal (3)]
   617 | D:1      | Found a faded altar of an unknown god.
   703 | D:1      | 703 ||| UPGRADING to +0 ring mail.
   713 | D:1      | 713 ||| DROPPING +0 leather armour.
   714 | D:1      | 714 ||| UPGRADING to +1 hat.
   719 | D:1      | 719 ||| UPGRADING to amulet of guardian spirit.
   724 | D:1      | 724 ||| READING 3 scrolls labelled YJEPAG ZIPPUOV.
   725 | D:1      | 725 ||| READING scroll labelled NITIYBENGU.
   729 | D:1      | 729 ||| DRINKING 2 inky potions.
   730 | D:1      | 730 ||| DROPPING 2 scrolls of blinking.
   731 | D:1      | 731 ||| DROPPING scroll of butterflies.
  1069 | D:2      | 1069 ||| READING scroll labelled ALOCOR VUBROGA.
  1080 | D:2      | 1080 ||| FLEEEEING.
  1081 | D:2      | 1081 ||| FLEEEEING.
  1083 | D:2      | Reached skill level 7 in Ranged Weapons
  1219 | D:2      | Reached XP level 4. HP: 25/25 MP: 6/6
  1492 | D:2      | Reached skill level 8 in Ranged Weapons
  1506 | D:2      | Identified the +4 quarterstaff "Z" {speed, rElec Dex+4}
  1966 | D:2      | 1966 ||| Stepping ~*~*~tactically~*~*~ (outnumbered).
  1970 | D:2      | HP: 5/25 [gnoll/+0 flail (6)]
  1971 | D:2      | 1971 ||| READING scroll of teleportation.
  1971 | D:2      | HP: 2/25 [gnoll/+0 flail (3)]
  1971 | D:2      | Slain by a gnoll

Levels and vault maps discovered:
D:1:      lemuel_arrival_broad_hall, layout_loops_ring,
          hellmonk_ecumenical_altar_inner_sanctum, minmay_misc_feat_room,
          minmay_crystal_room, minmay_indecisive_spiral
D:2:      mumra_celtic_spiral_tile, layout_basic, serial_rivers,
          chequers_serial_rivers_small_b, chequers_serial_rivers_large_b,
          chequers_serial_rivers_small_3, chequers_serial_rivers_micro_b,
          dk_vineyard_1

Skill      XL: |  1  2  3  4 |
---------------+-------------+-----
Ranged Weapons | 6 7 8 |  8.2
Fighting       | |  1.5
Dodging        | |  2.4
Stealth        | |  1.2

Action                     |  1- 3 |  4- 6 || total
---------------------------+-------+-------++-------
   Fire: Shortbow          |   116 |    56 ||   172
    Use: Scroll            |     3 |     1 ||     4
         Potion            |     1 |       ||     1
 Armour: Leather armour    |     6 |       ||     6
         Ring mail         |     4 |     8 ||    12
  Dodge: Dodged            |    48 |    21 ||    69

Table legend:
 A = Non-vault XP
 B = Vault XP
 C = Vault XP percentage of total XP
 D = Non-vault monster count
 E = Vault monster count
 F = Vault count percentage of total count
                 A         B        C        D         E       F
            +---------+---------+-------+---------+---------+-------
      Total |     172 |       6 |   3.4 |      53 |       4 |   7.0
            +---------+---------+-------+---------+---------+-------
        D:1 |      46 |       6 |  11.5 |      25 |       4 |  13.8
        D:2 |     126 |       0 |   0.0 |      28 |       0 |   0.0
            +---------+---------+-------+---------+---------+-------
